Map: Bridgehead LE (Void)

Players

wabbajack

  • Race: Zerg Zerg
  • League: Gold

GeneralChuck - Winner!

  • Race: Zerg Zerg
  • League: Bronze

VOD

Have the link to the VOD?

Description

Time

  • Played on: July 20, 2015, 4:42 p.m.
  • Length: 6:50
Show
View Real Time Build Order
Export as new Build Order

wabbajack Zerg 

Build Orders: Hatch First 

Get SALT Encoding   

  12  0:01  Drone  
  13  0:13  Overlord  
  13  0:18  Drone  
  14  0:23  Extractor  
  14  0:24  Drone  
  15  0:32  Drone  
  17  0:35  Drone  
  17  0:54  Hatchery  
  17  0:55  Extractor  
  15  0:57  Drone  
  15  1:02  Drone  
  17  1:18  Spawning Pool  
  16  1:23  Drone x2  
  18  1:30  Drone  
  19  1:51  Drone  
  19  1:53  Overlord  
  20  2:06  Queen  
  20  2:07  Queen  
  24  2:09  Metabolic Boost  
  24  2:14  Spine Crawler  
  23  2:17  Drone  
  23  2:20  Drone  
  23  2:22  Drone  
  26  2:23  Drone  
  26  2:26  Drone  
  28  2:39  Roach Warren  
  27  2:50  Drone x2  
  30  2:51  Drone  
  30  2:53  Overlord  
  30  2:55  Overlord  
  30  3:06  Spine Crawler  
  29  3:31  Roach  
  29  3:32  Roach x7  
  45  3:53  Overlord  
  45  3:54  Overlord  
  47  3:55  Roach  
  47  3:56  Roach x2  
  49  4:18  Spine Crawler, Roach  
  48  4:36  Drone x7  
  48  4:37  Drone x5  
  57  4:49  Spore Crawler  
  56  4:53  Spore Crawler  
  56  4:54  Drone x2  
  56  4:59  Zergling x2  
  58  5:00  Zergling x14  
  58  5:04  Overlord  
  65  5:22  Overlord  
  63  5:38  Zergling x2  
  63  5:39  Zergling x16  
  72  5:49  Zergling x8  
  76  5:53  Hatchery  
  75  5:59  Overlord  
  75  6:03  Zergling x10  
  67  6:25  Zergling x2  
  55  6:26  Zergling x14  
Show
View Real Time Build Order
Export as new Build Order

GeneralChuck Zerg - Winner!

Build Orders: Hatch First 

Get SALT Encoding   

  12  0:01  Drone  
  13  0:09  Drone  
  14  0:17  Overlord  
  15  0:35  Drone x2  
  15  0:36  Drone  
  17  0:53  Hatchery  
  16  0:57  Drone  
  16  0:58  Drone  
  16  1:03  Extractor  
  17  1:14  Spawning Pool  
  17  1:17  Drone  
  17  1:25  Drone  
  18  1:30  Drone  
  19  1:45  Overlord  
  19  2:00  Queen  
  21  2:02  Zergling x2  
  21  2:04  Zergling x2  
  21  2:05  Queen  
  21  2:06  Zergling x2  
  26  2:11  Metabolic Boost  
  26  2:16  Extractor, Zergling x2  
  26  2:18  Zergling x2  
  27  2:29  Drone  
  28  2:30  Drone  
  29  2:45  Baneling Nest  
  29  2:50  Drone x2  
  30  2:51  Overlord  
  30  2:54  Drone  
  30  2:56  Drone  
  32  3:09  Drone  
  32  3:10  Overlord  
  33  3:22  Zergling x8  
  33  3:23  Zergling x2  
  37  3:34  Baneling x6  
  37  3:38  Drone  
  37  3:39  Drone x2  
  40  3:50  Roach Warren  
  33  4:44  Roach x8  
  49  4:45  Roach  
  49  4:46  Roach  
  49  4:48  Overlord x3  
  51  4:55  Zergling x2  
  51  4:56  Overlord  
  52  5:02  Lair  
  51  5:15  Extractor  
  51  5:16  Roach x3, Extractor  
  55  5:30  Drone x5  
  55  5:35  Baneling  
  60  5:41  Drone x3  
  63  5:51  Evolution Chamber  
  62  6:02  Drone x6  
  63  6:24  Roach x5  
Tags
 
Add a new tag
Caveats
  • Supply blocks, unpowered buildings, or Contaminate may cause inaccurate times.
  • Supply counts are checked every 10 seconds.